 Dungeon Crawl Stone Soup version 0.17-a0-1830-g81820eb (webtiles) character file.

145 DecibelRebel the Cutter (level 5, 0/34 HPs)
             Began as a Halfling Assassin on Sept 14, 2015.
             Slain by a gnoll
             ... wielding a +0 flail
              (5 damage)
             ... on level 2 of the Dungeon.
             The game lasted 00:09:50 (1970 turns).

DecibelRebel the Cutter (Halfling Assassin)         Turns: 1970, Time: 00:09:50

Health: 0/34       AC:  3    Str: 11    XL:     5   Next: 53%
Magic:  5/5        EV: 14    Int: 10    God:
Gold:   54         SH:  0    Dex: 17    Spells: 0 memorised, 4 levels left

rFire  . . .     SeeInvis .     a - +2 dagger
rCold  . . .     Clarity  .     c - +0 robe
rNeg   . . .     SustAt   .     (shield restricted)
rPois  .         Gourm    .     (no helmet)
rElec  .         Spirit   .     d - +0 cloak
rCorr  .         Warding  .     (no gloves)
rMut   .         Stasis   .     (no boots)
MR     .....                    (no amulet)
Stlth  +++.......               (no ring)
                                (no ring)

@: not resistant to hostile enchantments, fairly stealthy
A: mutation resistance 1
a: no special abilities


You were on level 2 of the Dungeon.
You were not hungry.

You visited 1 branch of the dungeon, and saw 3 of its levels.

You collected 54 gold pieces.

Inventory:

Hand weapons
 a - a +2 dagger (weapon)
 b - a +0 blowgun
Missiles
 e - 2 poisoned needles
 f - 2 curare-tipped needles
Armour
 c - a +0 robe (worn)
 d - a +0 cloak (worn)
Jewellery
 i - a +2 ring of intelligence {unknown}
Scrolls
 h - a scroll of identify {unknown}
 j - a scroll of fear {unknown}
 k - a scroll of recharging {unknown}
Potions
 l - a potion of curing
 m - a potion of agility {unknown}
 n - a potion of flight {unknown}
 o - a potion of might {unknown}
Comestibles
 g - a bread ration


   Skills:
 - Level 1.7 Fighting
 * Level 6.5 Short Blades
 - Level 2.6 Throwing
 - Level 1.1 Dodging
 - Level 5.0 Stealth


You had 4 spell levels left.
You didn't know any spells.

Dungeon Overview and Level Annotations

Branches:
Dungeon (3/15)

Altars:
Ashenzari
The Shining One


Innate Abilities, Weirdness & Mutations

You are small and have problems with some larger weapons.
You are somewhat resistant to further mutation.


Message History

You closely miss the gnoll.
The gnoll is moderately wounded.
You hit the gnoll.
The gnoll is heavily wounded.
The gnoll barely misses you.
You barely miss the gnoll.
The gnoll is heavily wounded.
You hit the gnoll but do no damage.
The gnoll is heavily wounded.
The gnoll barely misses you.
You closely miss the gnoll.
The gnoll is heavily wounded.
You barely miss the gnoll.
The gnoll is heavily wounded.
The gnoll hits you with a flail!
* * * LOW HITPOINT WARNING * * *
You hit the gnoll.
The gnoll is almost dead.
The gnoll hits you with a flail.
You die...

...##...### ####.........###.#
....#.#...######.....#.#..#)###.#
....#.###.##.....##..<....#..##..
_.....##.....####....(##>.......#
....#.#...........##..##..(#.##..
....#...#.##...#####...##....####
...##.)...####.# ####..##.#..##
.####.##### #.###......#.##..###
......# #..@gg####.#.##....#
....### #..#### #...###.... #####
##.(## ###...####.
##....##########.## #.
###..##.(......# #..###.
#####...####.......# #...##.
#.....### ##.(.)..# #.#.###
#......######......# #....#
######.............# ######


You could see 2 gnolls.

Vanquished Creatures
  The ghost of DecibelRebel the Cutter, an average KoWr (D:3)
  A gnoll (D:3)
  2 adders (D:2)
  2 oozes (D:2)
  2 worms (D:2)
  2 giant geckos (D:2)
  2 bats (D:2)
  3 giant cockroaches
  6 hobgoblins
  3 jackals (D:1)
  6 kobolds
  4 rats (D:1)
34 creatures vanquished.

Notes
Turn   | Place    | Note
--------------------------------------------------------------
     0 | D:1      | DecibelRebel the Halfling Assassin began the quest for the Orb.
     0 | D:1      | Reached XP level 1. HP: 14/14 MP: 1/1
   463 | D:1      | Reached XP level 2. HP: 19/19 MP: 2/2
  1092 | D:2      | Reached XP level 3. HP: 10/24 MP: 3/3
  1346 | D:2      | Reached skill level 5 in Stealth
  1394 | D:2      | Found a faded altar to an unknown god.
  1522 | D:2      | Reached XP level 4. HP: 25/29 MP: 4/4
  1534 | D:2      | Found a glowing golden altar of the Shining One.
  1555 | D:2      | Found a shattered altar of Ashenzari.
  1571 | D:2      | Reached skill level 5 in Short Blades
  1703 | D:3      | Noticed DecibelRebel's ghost (average KoWr)
  1744 | D:3      | Killed DecibelRebel's ghost
  1744 | D:3      | Reached skill level 6 in Short Blades
  1744 | D:3      | Reached XP level 5. HP: 8/34 MP: 5/5
  1970 | D:2      | Slain by a gnoll

Vault maps used:
D:1:      evilmike_arrival_home_sweet_home
D:2:      old_standard_altar, ashenzari_conservatory_becter, ecumenical_altar_1
D:3:      fiery_altar_vehumet

Action                   |  1- 3 |  4- 6 || total
-------------------------+-------+-------++-------
Melee: Dagger            |    84 |    79 ||   163
 Fire: Blowgun           |     4 |    11 ||    15
  Use: Potion            |       |     2 ||     2
 Stab: Sleeping          |     9 |       ||     9
       Distracted        |     1 |       ||     1
  Eat: Chunk             |     1 |       ||     1
       Bread ration      |       |     1 ||     1
